 Dungeon Crawl Stone Soup version 0.30.1-3-gfc49f6343a (webtiles) character file.

Game seed: 10950489222402802234

87 Ethylacetat the Firebug (level 4, -1/27 HPs)
             Began as an Octopode Fire Elementalist on July 30, 2023.
             Slain by a gnoll
             ... wielding a +0 halberd
              (12 damage)
             ... on level 2 of the Dungeon.
             The game lasted 00:06:16 (932 turns).

Ethylacetat the Firebug (Octopode Fire Elementalist) Turns: 932, Time: 00:06:17

Health: -1/27      AC:  1    Str:  7    XL:     4   Next: 51%
Magic:  0/8        EV: 13    Int: 19    God:
Gold:   55         SH:  0    Dex: 12    Spells: 5/8 levels left

rFire   . . .        (no weapon)
rCold   . . .        (no shield)
rNeg    . . .        (helmet restricted)
rPois   .            (no amulet)
rElec   .            (no ring)
rCorr   .            (no ring)
SInv    .            (no ring)
Will    .....        (no ring)
Stlth   +++          (no ring)
HPRegen 0.24/turn    (no ring)
MPRegen 0.11/turn    (no ring)
                     (no ring)

%: no passive effects
@: no status effects
A: almost no armour, amphibious, 8 rings, camouflage 1, gelatinous body 1,
(nimble swimmer 1), tentacles
a: no special abilities


You were on level 2 of the Dungeon.
You visited 1 branch of the dungeon, and saw 2 of its levels.

You collected 55 gold pieces.

Inventory:

Wands
 f - a wand of polymorph (1)
Scrolls
 c - a scroll of fear {unknown}
 e - a scroll of identify {unknown}
Potions
 a - a potion of magic
 b - a potion of lignification {unknown}
 d - a potion of might {unknown}


   Skills:
 - Level 2.0 Dodging
 - Level 2.8 Stealth
 + Level 2.9 Spellcasting
 + Level 2.4 Conjurations
 + Level 3.8 Fire Magic


You had 5 spell levels left.
You knew the following spells:

 Your Spells              Type           Power      Damage    Failure   Level
a - Foxfire               Conj/Fire      56%        2x1d6     4%          1
b - Scorch                Fire           34%        2d6       4%          2

Your spell library contained the following spells:

 Spells                   Type           Power      Damage    Failure   Level
 Inner Flame              Hex/Fire       10%        N/A       22%         3
 Volatile Blastmotes      Fire/Tloc      20%        2d11      22%         3
 Flame Wave               Conj/Fire      14%        2d6       38%         4


Dungeon Overview and Level Annotations

Branches:
Dungeon (2/15)

Altars:


Innate Abilities, Weirdness & Mutations

You cannot wear most types of armour.
You are amphibious.
You can wear up to eight rings at the same time.
Your skin changes colour to match your surroundings (Stealth+).
Your rubbery body absorbs attacks. (AC +1, EV +1)
((You are camouflaged when in or above water. (Stealth+)))
You have tentacles for arms and can constrict up to eight enemies at once.


Message History

Okay, then.
There is a stone staircase leading down here.
Casting: Foxfire (safe; 4% risk of failure)
Confirm with . or Enter, or press ? or * to list all spells.
You conjure some foxfire!
The gnoll hits you from afar with a +0 halberd!
Ouch! That really hurt!
The foxfire hits the gnoll but does no damage.
The gnoll is moderately wounded.
The foxfire hits the gnoll.
The gnoll is moderately wounded.
The gnoll misses you.
You open the door.
The gnoll hits you from afar with a +0 halberd.
Found a scroll labelled HERIRO EWNUHE.
There is an open door here.
You close the door.
A gnoll opens the door.
You close the door.
A gnoll opens the door.
You close the door.
A gnoll breaks down the door.
It's broken and can't be closed.
Casting: Foxfire (safe; 4% risk of failure)
Confirm with . or Enter, or press ? or * to list all spells.
You conjure some foxfire!
The gnoll hits you from afar with a +0 halberd.
The foxfire hits the gnoll.
The gnoll is moderately wounded.
The foxfire hits the gnoll.
The gnoll is heavily wounded.
Casting: Foxfire (safe; 4% risk of failure)
Confirm with . or Enter, or press ? or * to list all spells.
You conjure some foxfire!
The gnoll closely misses you.
The foxfire hits the gnoll but does no damage.
The gnoll is heavily wounded.
The foxfire hits the gnoll.
The gnoll is heavily wounded.
Casting: Foxfire (safe; 4% risk of failure)
Confirm with . or Enter, or press ? or * to list all spells.
You conjure some foxfire!
The gnoll hits you from afar with a +0 halberd!
You die...

#.# ############ #.# #...........
#.# #......?.... #.#
#...........######### #.#
#.................... #.#
#....................
#####.######..v.................
#..........'gg.@................
##.###.######....v...............
.........# #....................
.....#.#g###################.#<..
....)..#.......)......)...)...)..
##'#.#.#.###################.....
#.#.#.#g####### ######
#.#.#.#>....... #.#(#.#.#######


You could see 2 gnolls.

Vanquished Creatures
  Terence (D:2)
  4 gnolls
  A dart slug (D:1)
  2 bats
  An endoplasm (D:1)
  4 hobgoblins
  A ball python (D:1)
  5 frilled lizards (D:1)
  3 kobolds (D:1)
  3 rats
25 creatures vanquished.

Vanquished Creatures (others)
  57 foxfires
57 creatures vanquished.

Grand Total: 82 creatures vanquished

Notes
Turn   | Place    | Note
-------+----------+-------------------------------------------
     0 | D:1      | Ethylacetat the Octopode Fire Elementalist began the quest
                  | for the Orb.
     0 | D:1      | Reached XP level 1. HP: 11/11 MP: 3/3
   209 | D:1      | Reached XP level 2. HP: 16/17 MP: 0/5
   462 | D:1      | Learned a level 2 spell: Scorch
   750 | D:2      | Reached XP level 3. HP: 21/21 MP: 1/6
   812 | D:2      | Found a faded altar of an unknown god.
   844 | D:2      | Noticed Terence
   871 | D:2      | Killed Terence
   872 | D:2      | Reached XP level 4. HP: 23/27 MP: 1/8
   932 | D:2      | Slain by a gnoll

Illustrated notes

Levels and vault maps discovered:
D:1:      nicolae_arrival_somewhat_less_tricky_arrival, layout_rooms,
          wander_ebering_terrifying_dragon_lair
D:2:      layout_basic, chequers_ecumenical_altar_simple, uniq_terence

Skill      XL: |  1  2  3 |
---------------+----------+-----
Conjurations   | 2 |  2.4
Dodging        | |  2.0
Stealth        | |  2.8
Spellcasting   | |  2.9
Fire Magic     | |  3.8

Action                     |  1- 3 |  4- 6 || total
---------------------------+-------+-------++-------
  Melee: Unarmed           |    44 |       ||    44
         Constrict         |    11 |       ||    11
         Tentacles         |    10 |       ||    10
         Punch             |     1 |       ||     1
   Cast: Foxfire           |    24 |     7 ||    31
   Stab: Sleeping          |     6 |       ||     6
 Armour: Skin              |     1 |       ||     1
  Dodge: Dodged            |    30 |     4 ||    34
